 Dungeon Crawl Stone Soup version 0.27.1-3-gb3d3a73c9e (webtiles) character file.

Game seed: 6730370961473917999

261 jlumianski the Sneak (level 6, -4/33 HPs)
             Began as a Kobold Enchanter on Oct 22, 2021.
             Slain by an orc (5 damage)
             ... on level 3 of the Dungeon.
             The game lasted 00:44:21 (4888 turns).

jlumianski the Sneak (Kobold Enchanter)             Turns: 4888, Time: 00:44:22

Health: -4/33      AC:  4    Str:  7    XL:     6   Next: 41%
Magic:  4/10       EV: 14    Int: 19    God:
Gold:   146        SH:  0    Dex: 15    Spells: 5/11 levels left

rFire    + . .     SeeInvis .   s - +1 dagger (freeze)
rCold    . . .     Faith    .   (shield restricted)
rNeg     . . .     Spirit   .   v - +0 leather armour
rPois    .         Reflect  .   u - +0 helmet
rElec    .         Harm     .   (no cloak)
rCorr    .         Rampage  .   (no gloves)
Will     .....                  (no boots)
Stlth    ++++......             g - amulet of magic regeneration
HPRegen  0.11/turn              i - ring of protection from fire
MPRegen  0.37/turn              (no ring)

@: about to teleport
A: small, no large weapons, nightstalker 3, screaming 2, strong 1, subdued magic
1
a: no special abilities


You were on level 3 of the Dungeon.
You visited 1 branch of the dungeon, and saw 4 of its levels.

You collected 146 gold pieces.

Inventory:

Hand Weapons
 a - a +1 dagger
 l - a +0 spear
 m - a +0 hunting sling
 p - a +0 rapier
 s - a +1 dagger of freezing (weapon)
Missiles
 j - 124 stones
 r - 37 sling bullets
Armour
 b - a +0 robe
 u - a +0 helmet (worn)
 v - a +0 leather armour (worn)
Jewellery
 g - an amulet of magic regeneration (around neck)
 i - a ring of protection from fire (left hand)
Wands
 q - a wand of mindburst (9)
Scrolls
 c - a scroll of amnesia
 h - a scroll of enchant weapon {unknown}
 n - a scroll of holy word {unknown}
 o - a scroll of brand weapon {unknown}
Potions
 f - a potion of flight
 k - a potion of brilliance


   Skills:
 + Level 0.6 Fighting
 + Level 2.8 Short Blades
 + Level 0.2 Armour
 + Level 3.3 Dodging
 + Level 6.2 Stealth
 + Level 3.0 Spellcasting
 + Level 3.9 Hexes
 + Level 1.6 Ice Magic


You had 5 spell levels left.
You knew the following spells:

 Your Spells              Type           Power      Damage    Failure   Level
a - Corona                Hex            14%        N/A       3%          1
b - Ensorcelled Hibernat  Hex/Ice        20%        N/A       9%          2
c - Confusing Touch       Hex            13%        N/A       11%         3

Your spell library contained the following spells:

 Spells                   Type           Power      Damage    Failure   Level
 Tukima's Dance           Hex            13%        N/A       11%         3
 Dazzling Flash           Conj/Hex       14%        N/A       26%         3
 Portal Projectile        Hex/Tloc       14%        N/A       26%         3
 Blade Hands              Tmut           1%         N/A       99%         5
 Excruciating Wounds      Necr           1%         N/A       99%         5


Dungeon Overview and Level Annotations

Branches:
Dungeon (4/15)
 Temple: D:4-7

Altars:

Shops:
D:4 *

Annotations:
D:3 Natasha


Innate Abilities, Weirdness & Mutations

You are small and have problems with some larger weapons.
You are completely attuned to the shadows.
You frequently scream uncontrollably at your foes.
Your muscles are strong. (Str +2)
Your spells are a little easier to cast, but a little less powerful.


Message History

The acid corrodes your adder!
Your adder is burned by acid!
You hit the orc but do no damage. The orc barely misses you.
Your adder bites the jelly.
Your adder is burned by acid!
The jelly misses you.
You hit the orc. You freeze the orc.
The orc is moderately wounded.
Your adder bites the jelly.
Your adder is burned by acid!
Your adder dies!
Your adder's corpse dissolves into shadows!
The orc closely misses you.
Casting: Ensorcelled Hibernation (safe; 9% risk of failure)
Confirm with . or Enter, or press ? or * to list all spells.
Aiming: Corona (safe; 3% risk of failure)
Press: ? - help, Shift-Dir - straight line, f - jelly, p - orc
Aim: a jelly (severely wounded, chance to affect: 58%)
The jelly struggles to resist.
The jelly completely misses you.
Natasha casts a spell.
The orc hits you with a +0 hand axe.
* * * LOW HITPOINT WARNING * * *
Okay, then.
Unknown command.
Okay, then.
Unknown command.
Casting: Corona (safe; 3% risk of failure)
Confirm with . or Enter, or press ? or * to list all spells.
Aiming: Corona (safe; 3% risk of failure)
Press: ? - help, Shift-Dir - straight line, f/p - jelly
Aim: a jelly (severely wounded, chance to affect: 58%)
The jelly is outlined in light.
The jelly hits you but does no damage.
The crimson imp blinks!
The orc hits you with a +0 hand axe.
* * * LOW HITPOINT WARNING * * *
As you read the scroll labelled TIMUCV KUAFOEST, it crumbles to dust.
You feel strangely unstable.
It was a scroll of teleportation.
The jelly barely misses you.
Natasha casts a spell.
The orc hits you with a +0 hand axe.
You die...

.#####...g..............##
#..## ##
#g#####...#.........####..##
#r# #...)...............#.
#.# #...#.........####.#..
#.#########5#.....### #.#.#
#.....# #.##...## #.#†.
#####.# #h####.# #.##.
#.#####o# #.# #....
#.#...J@# #o# #####
#.#.##### #.# #)#.# #.####
#.#.# #....######## #.#.#
####....(..). #.#.#
########## #.#.#
##########.#.#
.............#


You could see a jelly (corona), Natasha, a crimson imp (summoned) and an orc.

Vanquished Creatures
  A scorpion (D:3)
  An iguana (D:3)
  Terence (D:3)
  Robin (D:3)
  4 adders
  2 dart slugs
  13 orcs (D:3)
  4 endoplasms
  2 giant cockroaches
  5 hobgoblins
  3 jackals (D:3)
  3 quokkas
  2 ball pythons (D:1)
  8 bats
  17 goblins
  12 kobolds
  5 rats
84 creatures vanquished.

Vanquished Creatures (others)
  5 fungi (D:4)
  14 plants (D:4)
19 creatures vanquished.

Grand Total: 103 creatures vanquished

Notes
Turn   | Place    | Note
-------+----------+-------------------------------------------
     0 | D:1      | jlumianski the Kobold Enchanter began the quest for the
                  | Orb.
     0 | D:1      | Reached XP level 1. HP: 10/10 MP: 3/3
   245 | D:1      | Found a faded altar of an unknown god.
   302 | D:1      | Reached XP level 2. HP: 6/15 MP: 3/5
   580 | D:1      | Learned a level 2 spell: Ensorcelled Hibernation
  1067 | D:2      | Reached XP level 3. HP: 19/19 MP: 6/6
  1367 | D:2      | Learned a level 3 spell: Confusing Touch
  2089 | D:2      | Reached XP level 4. HP: 24/24 MP: 4/7
  2654 | D:3      | Noticed Robin
  2745 | D:3      | Reached skill level 5 in Stealth
  2867 | D:3      | Reached XP level 5. HP: 28/28 MP: 4/8
  3008 | D:3      | Noticed Terence
  3018 | D:3      | Killed Terence
  3019 | D:3      | Reached skill level 1 in Ice Magic
  3664 | D:3      | Killed Robin
  4422 | D:3      | Reached XP level 6. HP: 33/33 MP: 7/10
  4596 | D:3      | Reached skill level 6 in Stealth
  4605 | D:2      | Gained mutation: You occasionally shout uncontrollably at
                  | your foes. [potion of mutation]
  4605 | D:2      | Gained mutation: Your spells are a little easier to cast,
                  | but a little less powerful. [potion of mutation]
  4605 | D:2      | Gained mutation: You frequently scream uncontrollably at
                  | your foes. [potion of mutation]
  4605 | D:2      | Gained mutation: Your muscles are strong. (Str +2) [potion
                  | of mutation]
  4729 | D:4      | Found Hoklu's Neck Hole.
  4744 | D:4      | Noticed Natasha
  4887 | D:3      | HP: 1/33 [orc (3)]
  4888 | D:3      | Slain by an orc

Illustrated notes

Levels and vault maps discovered:
D:1:      dpeg_arrival_round_b, layout_basic,
          hellmonk_ecumenical_altar_pennies_from_heaven, minivault_23
D:2:      layout_loops_cross, chequers_serial_rivers_micro_d, item_on_display_a
D:3:      layout_loops_ring, minmay_goblin_outpost, uniq_robin, uniq_terence
D:4:      layout_gridville, nicolae_ru_path_of_blood,
          mainiacjoe_overflow_boulevard, serial_bayou, serial_bayou_pond_e,
          serial_bayou_pond_c, serial_bayou_pond_d, serial_bayou_lagoon_a,
          chequers_serial_rivers_micro_e, nicolae_shop_sticking_my_neck_out,
          uniq_natasha

Skill      XL: |  1  2  3  4  5  6 |
---------------+-------------------+-----
Short Blades   | 2 |  2.8
Dodging        | 3 |  3.3
Stealth        | 5 6 |  6.2
Ice Magic      | 1 |  1.6
Spellcasting   | 3 |  3.0
Fighting       | |  0.6
Armour         | |  0.2
Hexes          | |  3.9

Action                   |  1- 3 |  4- 6 || total
-------------------------+-------+-------++-------
Melee: Dagger            |    87 |    77 ||   164
 Cast: Corona            |    15 |     7 ||    22
       Ensorcelled Hiber |    11 |    66 ||    77
  Use: Scroll            |       |     6 ||     6
       Potion            |       |     3 ||     3
 Stab: Sleeping          |    18 |    42 ||    60
       Distracted        |     1 |       ||     1
Armor: Robe              |    17 |     9 ||    26
       Leather armour    |       |    17 ||    17
Dodge: Dodged            |    74 |    98 ||   172
